 Dungeon Crawl Stone Soup version 0.31.0-12-g77e489cdc1 (webtiles) character file.

Game seed: 6969262408959260379

14446 Peloso the Carver (level 11, -1/85 (101) HPs)
             Began as a Minotaur Fighter on Feb 17, 2024.
             Was a High Priest of Okawaru.
             Slain by a spectral orc warrior
             ... wielding a +0 halberd
             ... summoned by Nergalle
              (8 damage)
             ... on level 1 of the Lair of Beasts.
             The game lasted 00:21:45 (12879 turns).

Peloso the Carver (Minotaur Fighter)               Turns: 12879, Time: 00:21:45

HP:   -1/85 (101)   AC: 19    Str: 22    XL:     11   Next: 88%
MP:   10/10         EV: 11    Int:  5    God:    Okawaru [*****.]
Gold: 1050          SH:  6    Dex: 13    Spells: 10/10 levels left

rFire   . . .        a - +0 scimitar
rCold   . . .        d - +0 buckler
rNeg    . . .        g - +0 chain mail {rPois}
rPois   +            (helmet restricted)
rElec   .            L - +0 cloak
rCorr   .            A - +0 pair of gloves
SInv    .            (no boots)
Will    +....        (no amulet) Stlth
                     p - +4 ring of protection
HPRegen 0.34/turn    s - ring of willpower
MPRegen 0.12/turn

%: no passive effects
@: heavily drained
A: horns 2, retaliatory headbutt
a: Renounce Religion, Heroism, Finesse, Duel


You were on level 1 of the Lair of Beasts.
You worshipped Okawaru.
Okawaru was extremely pleased with you.
You visited 3 branches of the dungeon, and saw 13 of its levels.

You collected 1875 gold pieces.
You spent 825 gold pieces at shops.

Inventory:

Hand Weapons
 a - a +0 scimitar (weapon)
 b - a +2 war axe of flaming
 c - the +5 rapier "Moytz" {protect, Fly rElec rN+ Dex-3}
   (You found it on level 10 of the Dungeon)

   Dex-3:     It affects your dexterity (-3).
   rElec:     It insulates you from electricity.
   rN+:       It protects you from negative energy.
   Fly:       It grants you flight.
Missiles
 H - a throwing net (quivered)
Armour
 d - a +0 buckler (worn)
 g - a +0 chain mail of poison resistance (worn)
 A - a +0 pair of gloves (worn)
 I - a +1 scale mail of cold resistance
 L - a +0 cloak (worn)
Jewellery
 p - a +4 ring of protection (left hand)
 s - a ring of willpower (right hand)
 z - a +6 ring of strength
 B - an amulet of magic regeneration
Wands
 n - a wand of flame (38)
 o - a wand of paralysis (16)
 D - a wand of iceblast (3)
Scrolls
 e - a scroll of identify
 f - 2 scrolls of poison
 i - a scroll of silence
 j - 2 scrolls of enchant weapon
 l - 2 scrolls of fear
 r - 4 scrolls of teleportation
 t - 3 scrolls of blinking
 y - a scroll of fog
 C - a scroll of vulnerability {unknown}
 E - 2 scrolls of revelation
 F - a scroll of enchant armour {unknown}
 J - a scroll of amnesia {unknown}
 M - 3 scrolls of brand weapon {unknown}
Potions
 h - 4 potions of curing
 k - 2 potions of might
 m - 2 potions of invisibility
 v - 2 potions of mutation
 w - 3 potions of heal wounds
 x - 2 potions of haste
 G - a potion of resistance
 K - 3 potions of enlightenment


   Skills:
 + Level 10.6 Fighting
 + Level 12.8 Long Blades
 + Level 0.6 Axes
 + Level 11.9 Armour
 + Level 7.5 Dodging
 + Level 2.3 Stealth
 + Level 9.8 Shields
 + Level 1.1 Invocations
 + Level 2.0 Evocations


You had 10 spell levels left.
You didn't know any spells.
Your spell library contained the following spells:

 Spells                   Type           Power      Damage    Failure   Level
 Foxfire                  Conj/Fire      0%         2x1d4     95%         1
 Freeze                   Ice            0%         1d3       95%         1
 Magic Dart               Conj           0%         1d3       95%         1
 Blink                    Tloc           0%         N/A       99%         2
 Lesser Beckoning         Tloc           0%         N/A       99%         2
 Momentum Strike          Conj/Tloc      0%         3d8       99%         2
 Searing Ray              Conj           0%         2d4       99%         2
 Frozen Ramparts          Ice            0%         1d1       100%        3
 Hailstorm                Conj/Ice       0%         3d5       100%        3
 Fulminant Prism          Conj/Alch      0%         3d5       100%        4
 Conjure Ball Lightning   Conj/Air       0%         3x3d6     100%        6
 Plasma Beam              Fire/Air       0%         2x1d10    100%        6
 Starburst                Conj/Fire      0%         6d3       100%        6
 Borgnjor's Revivificati  Necr           0%         N/A       100%        8
 Discord                  Hex            0%         N/A       100%        8
 Disjunction              Tloc           0%         N/A       100%        8
 Death's Door             Necr           0%         N/A       100%        9
 Summon Small Mammal      Summ           Unusable   N/A       N/A         1
 Call Canine Familiar     Summ           Unusable   N/A       N/A         3
 Summon Blazeheart Golem  Fire/Summ      Unusable   N/A       N/A         4
 Haunt                    Necr/Summ      Unusable   N/A       N/A         7

Dungeon Overview and Level Annotations

Branches:
Dungeon (11/15)            Temple (1/1) D:6            Lair (1/5) D:8
    Orc (0/2) D:9

Altars:
Ashenzari
Cheibriados
Dithmenos
Elyvilon
Fedhas
Gozag
Hepliaklqana
Kikubaaqudgha
Makhleb
Nemelex Xobeh
Okawaru
Qazlal
Ru
Sif Muna
Trog
Uskayaw
Vehumet
Wu Jian
Xom
Yredelemnul
Zin
The Shining One
Lugonu

Shops:
D:2 !!?   D:9 *

Annotations:
D:3 1 runed translucent door, Crazy Yiuf
D:7 1 runed translucent door, lis82's ghost, novice DgIE
D:11 2 runed translucent doors, 2 transporters, lasso's ghost, journeyman DsFE
Lair:1 Nergalle


Innate Abilities, Weirdness & Mutations

You have a pair of horns on your head.
You reflexively headbutt those who attack you in melee.


Message History

You block the spectral orc's attack.
You block the spectral orc warrior's attack.
The spectral orc warrior misses you.
Unknown command.
You slash Nergalle!
Nergalle is heavily wounded.
Nergalle hits you but does no damage.
The spectral orc knight hits you with a +0 great mace!
The spectral orc hits you with a +0 short sword.
You feel drained.
The spectral orc warrior barely misses you.
You furiously retaliate!
You headbutt the spectral orc warrior!
The spectral orc warrior closely misses you.
You block the spectral orc warrior's attack.
You closely miss Nergalle.
Nergalle is heavily wounded.
Nergalle closely misses you.
The spectral orc knight hits you with a +0 great mace!
You feel drained.
The spectral orc hits you but does no damage.
The spectral orc warrior hits you but does no damage.
You hit Nergalle but do no damage.
You headbutt Nergalle, but do no damage.
Nergalle is heavily wounded.
The spectral orc warrior hits you but does no damage.
You block the spectral orc warrior's attack.
The spectral orc knight hits you with a +0 great mace!!
* * * LOW HITPOINT WARNING * * *
You feel drained.
* * * LOW HITPOINT WARNING * * *
Nergalle closely misses you. You furiously retaliate!
You headbutt Nergalle. You closely miss Nergalle.
You headbutt Nergalle, but do no damage.
Nergalle is heavily wounded.
The spectral orc warrior hits you with a +0 dire flail.
* * * LOW HITPOINT WARNING * * *
You feel drained. The spectral orc barely misses you.
The spectral orc warrior barely misses you.
The spectral orc warrior hits you from afar with a +0 halberd!
You die...

## ### ###. ####.####
...# ##.......## ...
#P.....#..# ..
#......#... ##Z##
#######.... #..o# ###..
#Z@# ##. #ZZ# ##
#####.Z########### ##
................#.## ##.
...................###..
.................)..#..#
##.###P##..#P####......#
## ## #..### ##....P#
#..# ##....#


You could see Nergalle, a spectral orc (summoned), 3 spectral orc warriors and a
spectral orc knight (summoned).

Vanquished Creatures
  Snorg (D:11)
  A hydra (D:8)
  An ogre mage (D:10)
  2 two-headed ogres
  A boulder beetle (D:11)
  A cyclops (D:11)
  Maurice (D:7)
  2 gargoyles (D:11)
  2 cane toads (Lair:1)
  Maggie (D:6)
  A rime drake (D:8)
  2 trolls
  A hornet (D:4)
  4 yaks (D:9)
  4 wyverns
  3 shadows (D:10)
  A steam dragon (D:5)
  6 vampire mosquitoes
  2 acid dragons
  4 water moccasins
  Duvessa (D:6)
  6 ice beasts
  4 orc warriors
  2 black bears
  3 ogres
  A sky beast (D:7)
  A wolf (D:8)
  2 centaurs
  A phantom (D:4)
  4 kobold brigands
  4 scorpions
  4 bullfrogs
  10 wights
  Dowan (D:6)
  15 killer bees
  2 jellies (D:7)
  4 howler monkeys
  2 hounds
  3 bombardier beetles
  An iguana (D:7)
  Terence (D:3)
  3 orc wizards
  A sleepcap (D:6)
  Robin (D:3)
  7 adders
  A shadow imp (D:7)
  A ribbon worm (D:5)
  2 dart slugs (D:1)
  29 orcs
  8 bats
  9 endoplasms
  4 giant cockroaches
  15 goblins
  5 hobgoblins
  6 jackals
  21 kobolds
  A quokka (D:5)
  11 ball pythons
  5 frilled lizards
  6 rats
249 creatures vanquished.

Notes
Turn   | Place    | Note
-------+----------+-------------------------------------------
     0 | D:1      | Peloso the Minotaur Fighter began the quest for the Orb.
     0 | D:1      | Reached XP level 1. HP: 19/19 MP: 0/0
   135 | D:1      | Reached XP level 2. HP: 26/27 MP: 1/1
   550 | D:2      | Reached XP level 3. HP: 32/33 MP: 2/2
   559 | D:2      | Found Ogaiheh's Distillery.
   592 | D:2      | Reached skill level 6 in Long Blades
   592 | D:2      | Reached XP level 4. HP: 47/47 MP: 3/3
   736 | D:2      | Found Muhiubla's Distillery.
   832 | D:2      | Found Echeaps's Magic Scroll Emporium.
   924 | D:2      | Found a faded altar of an unknown god.
  1732 | D:3      | Noticed Robin
  1760 | D:3      | Reached XP level 5. HP: 51/52 MP: 4/4
  1763 | D:3      | Killed Robin
  1810 | D:3      | Noticed Terence
  1819 | D:3      | Killed Terence
  2100 | D:3      | Found a runed translucent door.
  2101 | D:3      | Noticed Crazy Yiuf
  2435 | D:3      | Found a sparkling altar of Nemelex Xobeh.
  2438 | D:3      | Found a sacrificial altar of Ru.
  2589 | D:4      | Reached skill level 5 in Dodging
  2742 | D:4      | Found a blossoming altar of Fedhas.
  2776 | D:4      | Reached XP level 6. HP: 45/60 MP: 5/5
  3215 | D:4      | Noticed a hornet
  3225 | D:4      | Paralysed by a hornet for 1 turns
  3232 | D:4      | HP: 2/60 [hornet (3)]
  3233 | D:4      | Killed a hornet
  3234 | D:4      | Reached skill level 7 in Long Blades
  3234 | D:4      | Reached XP level 7. HP: 2/66 MP: 6/6
  3565 | D:4      | Found a white marble altar of Elyvilon.
  4127 | D:5      | Entered Level 5 of the Dungeon
  4145 | D:5      | Noticed a steam dragon
  4164 | D:5      | Killed a steam dragon
  4484 | D:5      | Reached XP level 8. HP: 73/73 MP: 7/7
  4558 | D:5      | Reached skill level 8 in Long Blades
  4722 | D:5      | Found an ornate altar of the Wu Jian Council.
  5141 | D:6      | Found a staircase to the Ecumenical Temple.
  5166 | Temple   | Entered the Ecumenical Temple
  5187 | Temple   | Became a worshipper of Warmaster Okawaru
  5332 | D:6      | Reached skill level 1 in Evocations
  5500 | D:6      | Reached * piety under Okawaru
  5666 | D:6      | Noticed Dowan
  5667 | D:6      | Noticed Duvessa
  5684 | D:6      | Killed Duvessa
  5685 | D:6      | Reached skill level 9 in Long Blades
  5685 | D:6      | Reached XP level 9. HP: 67/81 MP: 8/8
  5694 | D:6      | Killed Dowan
  5796 | D:6      | Noticed Maggie
  5810 | D:6      | Killed Maggie
  6070 | D:7      | Found a runed translucent door.
  6070 | D:7      | Noticed lis82's ghost (novice DgIE)
  6282 | D:7      | Reached ** piety under Okawaru
  6420 | D:7      | Found a hazy altar of Hepliaklqana.
  6420 | D:7      | Noticed Maurice
  6428 | D:7      | Something stole a +6 ring of strength
  6438 | D:7      | Paralysed by something for 4 turns
  6442 | D:7      | Something stole 312 gold
  6472 | D:7      | Paralysed by something for 4 turns
  6483 | D:7      | Killed Maurice
  7066 | D:7      | Reached skill level 10 in Long Blades
  7351 | D:8      | Reached *** piety under Okawaru
  7360 | D:8      | Reached XP level 10. HP: 63/90 MP: 9/9
  7500 | D:8      | Found a broken altar of Ashenzari.
  7500 | D:8      | Found a radiant altar of Vehumet.
  7502 | D:8      | Found an opulent altar of Gozag.
  7727 | D:8      | Found the +1 robe of Vines {NoPotionHeal Regen++++}
  7728 | D:8      | Noticed a five-headed hydra
  7961 | D:9      | Reached skill level 10 in Armour
  8086 | D:9      | Found a staircase to the Orcish Mines.
  8211 | D:9      | Found Uleiqed's Assorted Antiques.
  8220 | D:9      | Bought a scroll labelled DOCWIQ ADEXU for 29 gold pieces
  8220 | D:9      | Bought a scroll labelled BAXZUNNEJIDI for 29 gold pieces
  8220 | D:9      | Bought a scroll labelled YGEJIN RIUDOH for 29 gold pieces
  8320 | D:9      | Reached **** piety under Okawaru
  8364 | D:9      | Reached skill level 11 in Long Blades
  8671 | D:10     | Entered Level 10 of the Dungeon
  8724 | D:9      | Reached skill level 1 in Stealth
  9197 | D:10     | Identified the +6 mace of the Holding Gods {freeze, rCorr}
  9320 | D:10     | Noticed an ogre mage
  9320 | D:10     | Noticed a two-headed ogre
  9351 | D:10     | Killed a two-headed ogre
  9354 | D:10     | Reached XP level 11. HP: 77/99 MP: 7/10
  9360 | D:10     | Killed an ogre mage
  9361 | D:10     | Reached skill level 10 in Fighting
  9465 | D:10     | Identified the +5 rapier "Moytz" {protect, Fly rElec rN+
                  | Dex-3}
  9681 | D:11     | Reached ***** piety under Okawaru
  9748 | D:8      | Killed a two-headed hydra
 10101 | D:8      | Found a staircase to the Lair.
 10119 | D:8      | Reached skill level 12 in Long Blades
 10673 | D:11     | Found a radiant altar of Vehumet.
 10675 | D:11     | Noticed Snorg
 10692 | D:11     | Killed Snorg
 10809 | D:11     | Noticed a boulder beetle
 10852 | D:11     | Killed a boulder beetle
 11090 | D:11     | Received a gift from Okawaru
 11313 | D:11     | Found a runed translucent door.
 11322 | D:11     | Noticed a skeletal warrior
 11322 | D:11     | Noticed an ettin
 11322 | D:11     | Noticed an ettin
 11323 | D:11     | Noticed a lich
 11323 | D:11     | Noticed a necromancer
 11327 | D:11     | Noticed lasso's ghost (journeyman DsFE)
 11330 | D:11     | Found a runed translucent door.
 11514 | D:11     | Noticed a two-headed ogre
 11524 | D:11     | Killed a two-headed ogre
 11624 | D:11     | Noticed a large abomination
 11624 | D:11     | Noticed a white ugly thing
 11625 | D:11     | Found a corrupted altar of Lugonu.
 11807 | D:11     | Found a transporter.
 11809 | D:11     | Noticed a purple ugly thing
 11810 | D:11     | Found a transporter.
 12120 | D:2      | Bought a scroll of acquirement for 624 gold pieces
 12131 | D:2      | Acquired 1114 gold pieces
 12137 | D:2      | Bought a scroll of revelation for 90 gold pieces
 12137 | D:2      | Bought a scroll of identify for 24 gold pieces
 12499 | Lair:1   | Entered Level 1 of the Lair of Beasts
 12707 | Lair:1   | Reached skill level 1 in Invocations
 12857 | Lair:1   | Noticed Nergalle
 12879 | Lair:1   | Slain by a spectral orc warrior

Illustrated notes

Levels and vault maps discovered:
D:1:      orjb1_clovarrival, layout_rooms, minmay_pentomino_s4
D:2:      layout_basic, basic_ecumenical_altar, serial_shops,
          nicolae_shop_tiny_real_fake_doors, nicolae_shop_rolled_up, shop,
          serial_forest, infiniplex_forest_straight_4,
          infiniplex_forest_zigzag_1, infiniplex_forest_clump_large,
          infiniplex_forest_end_2, infiniplex_forest_lined_ring,
          infiniplex_forest_clump_C, infiniplex_forest_clump_tiny
D:3:      layout_basic, minitemple, uniq_robin, uniq_crazy_yiuf_cottage,
          uniq_terence
D:4:      layout_layer_cave, lemuel_crystal_altar, elyvilon_altar_1
D:5:      layout_cave_pools, nicolae_wu_jian_immortal_techniques
D:6:      layout_basic, minmay_temple_entry_gardened_gates, uniq_duvessa,
          uniq_maggie
D:7:      layout_basic, kennysheep_mini_moat, hellmonk_ghost_happy_afterlife,
          chequers_serial_rivers_small_b, nicolae_elevator_lobby_plus,
          uniq_maurice
D:8:      layout_loops_ring, gammafunk_temple_overflow_forgotten,
          hellmonk_lair_entry_icy, hellmonk_guarded_unrand_vines
D:9:      layout_gridville, david_orc_2, serial_shops, nicolae_square_shop,
          st_stairs_2, dk_noncrumbling_2, amcnicky_mini_rare_corridor_liquid,
          ldierk_geyser, minmay_misc_feat_x
D:10:     layout_cave_pools, lightli_fourway_metalbox
D:11:     gammafunk_corrupted_shrine, layout_loops_cross,
          muffindrake_ghost_dual_entry, vehumet_altar_wand_db, uniq_snorg
Temple:   compressed_dpeg_triangle_lava_temple
Lair:1:   layout_concentric_octagons, guppyfry_lair_drakes, grunt_megastairs_4,
          serial_bayou_shore_b, uniq_nergalle

Skill      XL: |  1  2  3  4  5  6  7  8  9 10 11 |
---------------+----------------------------------+-----
Fighting       | 4 7 8 9 10 | 10.6
Armour         | 4 7 8 9 10 11 | 11.9
Shields        | 6 7 8 9 |  9.8
Long Blades    | 6 7 9 10 11 12 | 12.8
Dodging        | 4 5 6 7 |  7.5
Evocations     | 1 2 |  2.0
Stealth        | 1 2 |  2.3
Invocations    | 1 |  1.1
Axes           | |  0.6

Action                     |  1- 3 |  4- 6 |  7- 9 | 10-12 || total
---------------------------+-------+-------+-------+-------++-------
  Melee: Long sword        |    61 |   174 |   213 |       ||   448
         Headbutt          |     7 |    31 |    64 |   112 ||   214
         Scimitar          |       |       |    89 |   464 ||   553
         War axe           |       |       |       |     4 ||     4
 Invoke: Heroism           |       |       |       |     4 ||     4
  Evoke: Wand              |       |     2 |    15 |     1 ||    18
    Use: Potion            |     2 |     2 |       |     1 ||     5
         Scroll            |       |     1 |     2 |    13 ||    16
   Stab: Paralysed         |       |       |       |     3 ||     3
 Armour: Scale mail        |    63 |   118 |     8 |       ||   189
         Chain mail        |       |       |   195 |   360 ||   555
  Dodge: Dodged            |    44 |    82 |   121 |   221 ||   468
  Block: Buckler           |    17 |    36 |    75 |   137 ||   265
